 Dungeon Crawl Stone Soup version 0.29.0-11-gd7f09526c8 (webtiles) character file.

Game seed: 6800620381703204763

15383 smilodon the Soothsayer (level 12, -2/64 (91) HPs)
             Began as a Demonspawn Fighter on Sept 2, 2022.
             Was a Priest of Nemelex Xobeh.
             Slain by a boulder beetle (16 damage)
             ... on level 12 of the Dungeon.
             The game lasted 00:44:57 (18217 turns).

smilodon the Soothsayer (Demonspawn Fighter)       Turns: 18217, Time: 00:44:58

HP:   -2/64 (91)    AC: 15    Str: 22    XL:     12   Next: 0%
MP:   18/18         EV:  9    Int: 14    God:    Nemelex Xobeh [***...]
Gold: 973           SH:  5    Dex: 12    Spells: 11/11 levels left

rFire   + + +      SeeInvis +   y - +6 quarterstaff "Brush" {venom, +Blink rF+++ Int-2 SInv}
rCold   . . .      Faith    .   (shield currently unavailable)
rNeg    . . .      Spirit   .   g - +2 chain mail {rPois}
rPois   +          Reflect  +   t - +2 hat
rElec   .          Harm     .   J - scarf {+Inv}
rCorr   .          Rampage  .   (no gloves)
Will    .....                   (boots unavailable)
Stlth   ..........              h - amulet of reflection
HPRegen 0.20/turn               e - ring of flight
MPRegen 0.16/turn               i - +6 ring of intelligence

@: mighty, flying, very heavily drained, invisible
A: hooves 3, demonic guardian 1, powered by pain 2, sharp scales 1
a: Renounce Religion, Evoke Blink, Evoke Invisibility, Draw Escape, Draw
Destruction, Draw Summoning, Triple Draw


You were on level 12 of the Dungeon.
You worshipped Nemelex Xobeh.
Nemelex Xobeh was most pleased with you.
You visited 2 branches of the dungeon, and saw 13 of its levels.
You also visited: Sewer.

You collected 973 gold pieces.

Inventory:

Hand Weapons
 a - a +0 war axe
 p - a +0 sling
 w - a +2 mace of protection
 y - the +6 quarterstaff "Brush" (weapon) {venom, +Blink rF+++ Int-2 SInv}
   (You found it on level 5 of the Dungeon)

   It poisons the flesh of those it strikes.
   Int:       It affects your intelligence (-2).
   rF:        It renders you almost immune to fire.
   SInv:      It lets you see invisible.
   +Blink:    It lets you blink.
 A - a +3 antimagic hand axe
 C - a +4 mace of freezing
 L - a +0 spear of flaming
 U - a +2 scimitar of flaming
Missiles
 E - a throwing net (quivered)
 M - 15 poisoned darts
Armour
 c - a +1 buckler
 g - a +2 chain mail of poison resistance (worn)
 t - a +2 hat (worn)
 D - an orb of light
 J - a scarf of invisibility (worn)
Jewellery
 e - a ring of flight (left hand)
 h - an amulet of reflection (around neck)
 i - a +6 ring of intelligence (right hand)
 z - a ring of poison resistance
 K - an amulet of guardian spirit
Wands
 v - a wand of digging (3)
 H - a wand of roots (23)
 I - a wand of polymorph (8)
Scrolls
 b - a scroll of amnesia
 k - a scroll of enchant weapon
 m - 2 scrolls of magic mapping
 o - a scroll of identify
 q - a scroll of enchant armour
 r - 2 scrolls of torment
 x - 4 scrolls of immolation
 O - 2 scrolls of silence
 S - a scroll of brand weapon
Potions
 d - 2 potions of might
 f - a potion of cancellation
 j - 8 potions of flight
 s - a potion of mutation
 u - 2 potions of magic
 G - a potion of lignification
 P - a potion of curing
 R - a potion of attraction


   Skills:
 + Level 7.2 Fighting
 + Level 7.6 Axes
 * Level 8.4 Staves
 + Level 7.9 Armour
 + Level 2.6 Dodging
 + Level 1.7 Stealth
 + Level 6.0 Shields
 * Level 8.8 Invocations
 * Level 6.1 Evocations


You had 11 spell levels left.
You didn't know any spells.
Your spell library contained the following spells:

 Spells                   Type           Power      Damage    Failure   Level
 Sublimation of Blood     Necr           0%         N/A       96%         2
 Wereblood                Tmut           0%         N/A       96%         2
 Conjure Flame            Conj/Fire      0%         6-21      99%         3
 Ignite Poison            Fire/Tmut/Pois 0%         N/A       99%         3
 Ozocubu's Armour         Ice            0%         N/A       99%         3
 Sticky Flame             Conj/Fire      0%         2d3       100%        4
 Alistair's Intoxication  Tmut/Pois      0%         N/A       100%        5
 Borgnjor's Vile Clutch   Necr/Erth      0%         N/A       100%        5
 Summon Forest            Summ/Tloc      0%         N/A       100%        5
 Eringya's Noxious Bog    Tmut/Pois      0%         N/A       100%        6
 Ozocubu's Refrigeration  Ice            0%         4d7       100%        7
 Summon Hydra             Summ           0%         N/A       100%        7


Dungeon Overview and Level Annotations

Branches:
Dungeon (12/15)            Temple (1/1) D:4            Lair (0/5) D:11
    Orc (0/2) D:12          Sewer (visited)

Altars:
Ashenzari
Cheibriados
Dithmenos
Fedhas
Gozag
Hepliaklqana
Kikubaaqudgha
Makhleb
Nemelex Xobeh
Okawaru
Qazlal
Ru
Sif Muna
Trog
Uskayaw
Vehumet
Wu Jian
Xom
Yredelemnul

Shops:
D:5 :   D:10 :=   D:11 *


Innate Abilities, Weirdness & Mutations

You have hooves in place of feet.
A weak demonic guardian rushes to your aid.
You sometimes gain power by taking damage.
You are partially covered in razor-sharp scales. (AC +1, Slay +1)


Message History

You start resting.
HP restored.
You fly downwards.
The boulder beetle leaps!
There is a stone staircase leading up here.
A boulder beetle is nearby!
Okay, then.
You feel very mighty all of a sudden.
The boulder beetle curls into a ball and begins rolling!
The boulder beetle hits you!!!
Ouch! That really hurt!
A demonic guardian appears!
The boulder beetle stops rolling and uncurls.
You hit the boulder beetle but do no damage.
The boulder beetle is poisoned.
You kick the boulder beetle!
The boulder beetle is lightly wounded.
The boulder beetle leaps!
As you read the scroll of fear, it crumbles to dust.
You assume a fearsome visage.
The boulder beetle looks frightened!
Your white imp hits the boulder beetle but does no damage.
The boulder beetle leaps!
Your white imp gestures at the boulder beetle.
The puff of frost hits the boulder beetle but does no damage.
Your white imp's attack snaps the boulder beetle out of its fear.
The boulder beetle closely misses you.
You hit the boulder beetle but do no damage.
The boulder beetle is moderately wounded.
The boulder beetle bites you!
* * * LOW HITPOINT WARNING * * *
Okay, then.
The boulder beetle curls into a ball and begins rolling!
You have no spells to forget!
As you read the scroll of fear, it crumbles to dust.
You assume a fearsome visage.
The boulder beetle resists with almost no effort.
The boulder beetle closely misses you.
The boulder beetle stops rolling and uncurls.
You fade into invisibility!
The boulder beetle bites you!
You die...
Your body disappears without a glow.

..............^
##########.##.####
........[.....#..#
######.##.#..#..#.
#.........#..#..#.
#.#########..[..#.
#.# #.B)........#.
#.# #.######.#..#.
#@# #...# #....#.
#B#####5#######.#.
#.5°.##.##........
####5##5##.######.
#5...##.# ###
#######.# ###..
#B# ...(.. #.#
####.# #.# #..


You could see a boulder beetle (unable to see you, poisoned, ally target) and a
friendly white imp (summoned).

Vanquished Creatures
  3 two-headed ogres
  A tengu warrior (D:12)
  A deep elf pyromancer (D:11)
  A cyclops (D:10)
  2 gargoyles (D:11)
  A komodo dragon (D:10)
  A kobold demonologist (D:10)
  A hornet (D:9)
  2 trolls
  A vampire (D:10)
  A shadow (D:12)
  3 wraiths
  4 wyverns
  18 yaks
  2 basilisks (D:11)
  3 hogs (D:12)
  The ghost of nickcage the Poker, an amateur MfGl of Wu Jian (D:5)
  2 vampire mosquitoes (D:10)
  A steam dragon (D:9)
  5 water moccasins
  6 orc warriors
  A sky beast (D:7)
  A black bear (D:7)
  A wolf (D:9)
  2 centaurs
  A bullfrog (D:9)
  A gnoll sergeant (D:8)
  3 scorpions
  10 wights
  9 killer bees
  6 howler monkeys
  An electric eel (D:8)
  4 hounds
  A jelly (D:7)
  5 orc priests
  9 orc wizards
  An iguana (D:4)
  7 adders
  7 gnolls
  5 river rats (Sewer)
  3 white imps
  An ufetubus (D:5)
  5 worms
  3 dart slugs
  23 orcs
  5 endoplasms
  4 giant cockroaches
  18 goblins
  4 hobgoblins
  5 jackals
  12 kobolds
  4 quokkas
  7 ball pythons
  12 bats
  3 frilled lizards (Sewer)
  4 rats
248 creatures vanquished.

Vanquished Creatures (collateral kills)
  A yak (D:11)
  A steam dragon (D:8)
  A vampire mosquito (D:10)
  Grum (D:9)
  A water moccasin (D:11)
  2 wolves (D:9)
  2 ogres
  A howler monkey (D:12)
  An adder (Sewer)
11 creatures vanquished.

Vanquished Creatures (others)
  Kirke (D:12)
  3 humans (D:12)
  A sky beast (D:6)
  A kobold brigand (D:8)
  A gnoll (D:8)
  A river rat (D:8)
  6 bushes (D:11)
  6 fungi (D:11)
  35 plants
55 creatures vanquished.

Grand Total: 314 creatures vanquished

Notes
Turn   | Place    | Note
-------+----------+-------------------------------------------
     0 | D:1      | smilodon the Demonspawn Fighter began the quest for the
                  | Orb.
     0 | D:1      | Reached XP level 1. HP: 18/18 MP: 1/1
   436 | D:1      | Gained mutation: You have large cloven feet. [demonic
                  | ancestry]
   436 | D:1      | Reached XP level 2. HP: 23/24 MP: 2/2
  1182 | D:2      | Reached XP level 3. HP: 10/29 MP: 3/3
  1841 | D:2      | Gained mutation: A weak demonic guardian rushes to your
                  | aid. [demonic ancestry]
  1841 | D:2      | Reached XP level 4. HP: 27/35 MP: 4/4
  3201 | D:3      | Found a burning altar of Makhleb.
  3201 | D:3      | Found an ancient bone altar of Kikubaaqudgha.
  3704 | D:4      | Found a glowing drain.
  3708 | Sewer    | Entered a sewer
  4027 | Sewer    | Gained mutation: You are partially covered in razor-sharp
                  | scales. (AC +1, Slay +1) [demonic ancestry]
  4027 | Sewer    | Reached XP level 5. HP: 36/41 MP: 5/5
  4754 | D:4      | Gained mutation: You have hoof-like feet. [demonic
                  | ancestry]
  4754 | D:4      | Reached XP level 6. HP: 44/47 MP: 6/6
  5484 | D:4      | Found a staircase to the Ecumenical Temple.
  5498 | Temple   | Entered the Ecumenical Temple
  5705 | Temple   | Upgraded the game from 0.29.0-10-g45618ea6d2 to
                  | 0.29.0-11-gd7f09526c8
  5797 | Temple   | Became a worshipper of Nemelex Xobeh the Trickster
  5862 | D:5      | Entered Level 5 of the Dungeon
  5955 | D:5      | Found a large runed translucent door.
  5956 | D:5      | Found a large runed translucent door.
  5959 | D:5      | Noticed nickcage's ghost (amateur MfGl)
  5962 | D:5      | Noticed a wyvern
  5973 | D:5      | Killed a wyvern
  5974 | D:5      | Reached skill level 5 in Axes
  5974 | D:5      | Gained mutation: You sometimes gain a little power by
                  | taking damage. [demonic ancestry]
  5974 | D:5      | Reached XP level 7. HP: 26/54 MP: 7/7
  6254 | D:5      | Identified the +6 quarterstaff "Brush" {venom, +Blink rF+++
                  | Int-2 SInv}
  6667 | D:5      | Found Vecey's Self-Improvement Boutique.
  6795 | D:5      | Killed nickcage's ghost
  6796 | D:5      | Reached skill level 1 in Staves
  6796 | D:5      | Reached skill level 1 in Dodging
  6796 | D:5      | Reached skill level 1 in Invocations
  7235 | D:6      | Reached XP level 8. HP: 41/61 MP: 3/9
  7596 | D:6      | Reached * piety under Nemelex Xobeh
  7762 | D:6      | Received a gift from Nemelex Xobeh
  8576 | D:7      | Reached skill level 5 in Armour
  8937 | D:7      | Received a gift from Nemelex Xobeh
  9054 | D:7      | Found a hide-covered altar of Uskayaw.
  9404 | D:7      | Found an opulent altar of Gozag.
  9731 | D:8      | Reached skill level 5 in Shields
  9731 | D:8      | Gained mutation: You sometimes gain power by taking damage.
                  | [demonic ancestry]
  9731 | D:8      | Reached XP level 9. HP: 40/66 MP: 4/12
 10400 | D:8      | Reached skill level 1 in Evocations
 10663 | D:8      | Reached skill level 5 in Invocations
 11297 | D:9      | Found a stormy altar of Qazlal.
 11316 | D:9      | Noticed Grum
 11329 | D:9      | Identified the +0 hand axe "Nudghoathri" {vorpal, Str+3}
 11338 | D:9      | Killed Grum
 11565 | D:9      | Found a blossoming altar of Fedhas.
 11570 | D:9      | Reached skill level 5 in Fighting
 11923 | D:9      | Reached ** piety under Nemelex Xobeh
 12084 | D:9      | Gained mutation: You have hooves in place of feet. [demonic
                  | ancestry]
 12084 | D:9      | Reached XP level 10. HP: 30/74 MP: 4/14
 12604 | D:9      | Reached skill level 1 in Stealth
 12864 | D:10     | Entered Level 10 of the Dungeon
 12864 | D:10     | Received a gift from Nemelex Xobeh
 12895 | D:10     | Noticed a two-headed ogre
 13098 | D:10     | Killed a two-headed ogre
 13472 | D:10     | Found a broken altar of Ashenzari.
 14278 | D:10     | Reached skill level 5 in Staves
 14379 | D:10     | Found Neutsale's Jewellery Emporium.
 14380 | D:10     | Noticed Erica
 14382 | D:10     | Noticed Erica
 14382 | D:10     | Erica changed into Erica the cyclops
 14390 | D:10     | Killed Erica the cyclops
 14581 | D:10     | Found Peroel's Vocational Training.
 14832 | D:11     | Noticed a gargoyle
 14845 | D:11     | Killed a gargoyle
 15139 | D:11     | Reached XP level 11. HP: 81/81 MP: 16/16
 15954 | D:11     | Found a staircase to the Lair.
 15984 | D:11     | Reached skill level 5 in Evocations
 15988 | D:11     | Received a gift from Nemelex Xobeh
 15988 | D:11     | Reached *** piety under Nemelex Xobeh
 16568 | D:11     | Found Zipah's General Store.
 16714 | D:11     | Noticed a two-headed ogre
 16716 | D:11     | Killed a two-headed ogre
 16925 | D:11     | Noticed a two-headed ogre
 17198 | D:11     | Killed a two-headed ogre
 17400 | D:11     | Noticed a deep elf pyromancer
 17402 | D:11     | Killed a deep elf pyromancer
 17709 | D:12     | Noticed a tengu warrior
 17710 | D:12     | Noticed a cyan ugly thing
 17712 | D:12     | Noticed a tengu warrior
 17742 | D:12     | Killed a tengu warrior
 17891 | D:12     | Found a staircase to the Orcish Mines.
 17939 | D:12     | Noticed Kirke
 17963 | D:12     | Noticed a sphinx
 17973 | D:12     | Killed Kirke
 17974 | D:12     | Reached XP level 12. HP: 53/89 MP: 18/18
 17975 | D:12     | Noticed a boulder beetle
 18217 | D:12     | Slain by a boulder beetle

Illustrated notes

Levels and vault maps discovered:
D:1:      heliophobic_arrival_glass_houses, layout_basic, nrook_uturn
D:2:      cheibrodos_greedy_goblins, layout_basic
D:3:      layout_rooms, gammafunk_temple_overflow_elements,
          dreamdust_princess_corridor, kennysheep_generic_room_2
D:4:      layout_basic, minmay_temple_entry_glassed_door,
          nicolae_ossuary_entry_plus, gup_sewer_entry_bowl
D:5:      layout_basic, ebering_ghost_disaster_area, nicolae_shop_self_help
D:6:      layout_cave_pods, nicolae_hexahallways, kennysheep_path_1
D:7:      layout_loops_ring, amcnicky_altar_gilded, lemuel_tele_altar,
          wad_floor_pattern_untrapped, roderic_roman_lattice,
          supply_closet_lemuel
D:8:      layout_basic, dreamdust_wishing_well, chequers_big_river
D:9:      layout_roguey, mainiacjoe_overflow_small_starburst,
          fedhas_bush_and_centaur_altar, uniq_grum
D:10:     layout_loops_ring, nicolae_ashenzari_skybound, serial_shops,
          nicolae_square_shop, nicolae_shop_vocational, uniq_erica
D:11:     layout_gridville, minmay_lair_entry_grove, serial_shops,
          nicolae_shop_stone
D:12:     layout_basic, david_orc_2, uniq_kirke
Temple:   nicolae_temple_bog_church

Skill      XL: |  1  2  3  4  5  6  7  8  9 10 11 |
---------------+----------------------------------+-----
Armour         | 3 4 5 6 7 |  7.9
Axes           | 2 3 4 5 6 7 |  7.6
Shields        | 3 4 5 6 |  6.0
Fighting       | 4 5 6 7 |  7.2
Staves         | 1 2 3 6 8 |  8.4
Dodging        | 1 2 |  2.6
Invocations    | 1 4 6 7 8 |  8.8
Evocations     | 3 4 6 |  6.1
Stealth        | 1 |  1.7

Action                   |  1- 3 |  4- 6 |  7- 9 | 10-12 || total
-------------------------+-------+-------+-------+-------++-------
Melee: War axe           |    81 |   203 |    38 |       ||   322
       Kick              |    10 |    43 |    95 |    89 ||   237
       Hand axe          |       |       |   285 |    13 ||   298
       Quarterstaff      |       |       |       |   246 ||   246
Invok: Draw Destruction  |       |       |     6 |    13 ||    19
       Draw Summoning    |       |       |     2 |     6 ||     8
       Draw Escape       |       |       |     1 |     2 ||     3
       Triple Draw       |       |       |       |     1 ||     1
 Abil: Evoke Invisibilit |       |       |       |     1 ||     1
Evoke: Wand              |       |       |       |    30 ||    30
  Use: Scroll            |     5 |     7 |     7 |    14 ||    33
       Potion            |     3 |     2 |     6 |     7 ||    18
 Stab: Distracted        |       |       |     1 |       ||     1
Armor: Scale mail        |    41 |    81 |       |       ||   122
       Plate armour      |       |     9 |     4 |       ||    13
       Chain mail        |       |       |   150 |   173 ||   323
Dodge: Dodged            |    33 |    85 |   103 |   145 ||   366
Block: Buckler           |    24 |   102 |   179 |       ||   305
       Reflection        |       |     1 |     5 |     1 ||     7
       Other             |       |       |     2 |    71 ||    73
       Orb               |       |       |     2 |     1 ||     3
